 Dungeon Crawl Stone Soup version 0.17-a0-1945-gfe993df (webtiles) character file.

101 Kusio the Cudgeler (level 4, -1/72 HPs)
             Began as an Ogre Berserker on Oct 1, 2015.
             Was a Believer of Trog.
             Slain by an orc
             ... wielding a +0 trident
              (7 damage)
             ... on level 3 of the Dungeon.
             The game lasted 00:04:03 (2078 turns).

Kusio the Cudgeler (Ogre Berserker)                 Turns: 2078, Time: 00:04:03

Health: -1/72      AC:  3    Str: 27    XL:     4   Next: 75%
Magic:  4/4        EV: 10    Int:  6    God:    Trog [**....]
Gold:   150        SH:  0    Dex: 10    Spells: 0 memorised, 3 levels left

rFire  . . .     SeeInvis .     a - +0 mace
rCold  . . .     Clarity  .     b - +0 animal skin
rNeg   . . .     SustAt   .     (no shield)
rPois  .         Gourm    .     (helmet restricted)
rElec  .         Spirit   .     (no cloak)
rCorr  .         Warding  .     (gloves unavailable)
rMut   .         Stasis   .     (boots unavailable)
MR     .....                    (no amulet)
Stlth  ..........               (no ring)
                                k - ring of stealth

@: berserking, very quick, not resistant to hostile enchantments, extremely
unstealthy
A: unfitting armour, tough skin 1
a: Burn Spellbooks, Berserk, Trog's Hand, Renounce Religion


You were on level 3 of the Dungeon.
You worshipped Trog.
Trog was pleased with you.
You were hungry.

You visited 1 branch of the dungeon, and saw 3 of its levels.

You collected 150 gold pieces.

Inventory:

Hand weapons
 a - a +0 mace (weapon)
Armour
 b - a +0 animal skin (worn)
Jewellery
 k - a ring of stealth (left hand)
Scrolls
 c - 3 scrolls of teleportation {unknown}
 d - 2 scrolls of fog {unknown}
 g - a scroll of fear {unknown}
 h - a scroll of enchant weapon {unknown}
 j - a scroll of remove curse {unknown}
 n - 4 scrolls of identify {unknown}
 o - a scroll of immolation {unknown}
Potions
 e - a potion of agility {unknown}
 i - 3 potions of magic {unknown}
 l - 2 potions of curing {unknown}
 m - a potion of lignification {unknown}
 q - a potion of poison {unknown}
 r - a potion of flight {unknown}
Comestibles
 f - 2 beef jerkies
 p - 2 bread rations


   Skills:
 - Level 4.0 Fighting
 + Level 7.0 Maces & Flails
 - Level 2.6 Dodging


You had 3 spell levels left.
You didn't know any spells.

Dungeon Overview and Level Annotations

Branches:
Dungeon (3/15)

Altars:


Innate Abilities, Weirdness & Mutations

You are too large for most types of armour.
You have tough skin (AC +1).


Message History

You are too injured to fight recklessly!
You are too injured to fight recklessly!
You are too injured to fight recklessly!
You hit the orc.
The orc is severely wounded.
The orc hits you with a flail!
* * * LOW HITPOINT WARNING * * *
The orc closely misses you.
You sock the orc!
You kill the orc!
Trog accepts your kill.
The orc hits you from afar with a trident.
* * * LOW HITPOINT WARNING * * *
You are too berserk!
You closely miss the orc. The orc hits you but does no damage.
You sock the orc!
You kill the orc!
Trog accepts your kill.
The orc hits you from afar with a trident!
You die...

..# #....##...........
.... #....#.....(......
#..##....#.....†..†### .
#........#..####'#...#
.#...........####.#...#
..................+....
#........%..###.#....
...#..##...........+....
.......@.###+#.....#....
......)))..# #.#####.#..
.......o...# ...........
...####....# #.######...
## .........#....'...
.......
.>........#.####...
........
..........#........
........
...................
.......# ............


You could see an orc.

Vanquished Creatures
  An orc priest (D:3)
  2 adders
  An ooze (D:3)
  A worm (D:3)
  7 orcs (D:3)
  4 giant cockroaches
  3 goblins
  4 hobgoblins
  A ball python (D:2)
  5 bats
  2 giant newts
  4 kobolds
  8 rats
43 creatures vanquished.

Notes
Turn   | Place    | Note
--------------------------------------------------------------
     0 | D:1      | Kusio the Ogre Berserker began the quest for the Orb.
     0 | D:1      | Reached XP level 1. HP: 24/24 MP: 1/1
   338 | D:1      | Reached XP level 2. HP: 32/32 MP: 2/2
   413 | D:1      | Reached skill level 5 in Maces & Flails
   998 | D:1      | Reached XP level 3. HP: 32/39 MP: 3/3
  1761 | D:3      | Reached skill level 6 in Maces & Flails
  1866 | D:3      | Reached XP level 4. HP: 45/48 MP: 4/4
  2052 | D:3      | Acquired Trog's second power
  2073 | D:3      | Reached skill level 7 in Maces & Flails
  2078 | D:3      | Slain by an orc

Vault maps used:
D:1:      shiori_angband_town
D:2:      first_bread

Action                   |  1- 3 |  4- 6 || total
-------------------------+-------+-------++-------
Melee: Mace              |   102 |    22 ||   124
Invok: Berserk           |     1 |     1 ||     2
 Stab: Sleeping          |     3 |       ||     3
  Eat: Bread ration      |     1 |       ||     1
